 Dungeon Crawl Stone Soup version 0.19.4-9-g45fd643 (webtiles) character file.

286 Elystan the Skirmisher (level 6, -1/48 HPs)
             Began as a Mummy Monk on Feb 15, 2017.
             Slain by an orc
             ... wielding a +0 club
              (4 damage)
             ... on level 4 of the Dungeon.
             The game lasted 00:05:06 (2689 turns).

Elystan the Skirmisher (Mummy Monk)                 Turns: 2689, Time: 00:05:13

Health: -1/48      AC:  8    Str: 15    XL:     6   Next: 8%
Magic:  6/6        EV: 12    Int: 13    God:
Gold:   116        SH:  0    Dex: 16    Spells: 0 memorised, 5 levels left

rFire  x . .     SeeInvis .     a - +0 falchion
rCold  + . .     Gourm    .     h - +0 chain mail
rNeg   + + +     Faith    .     (no shield)
rPois  ∞         Spirit   .     p - -1 helmet (curse)
rElec  .         Reflect  .     (no cloak)
rCorr  .         Harm     .     (no gloves)
MR     .....                    (no boots)
Stlth  ..........               (no amulet)
                                b - +4 ring of intelligence
                                d - +5 ring of evasion

@: no status effects
A: no food or potions, fire vulnerability, cold resistance 1, negative energy
resistance 3, torment resistance, unbreathing
a: no special abilities


You were on level 4 of the Dungeon.
You were not hungry.

You visited 1 branch of the dungeon, and saw 4 of its levels.

You collected 116 gold pieces.

Inventory:

Hand Weapons
 a - a +0 falchion (weapon)
Missiles
 f - 12 tomahawks (quivered)
Armour
 h - a +0 chain mail (worn)
 p - a cursed -1 helmet (worn)
Jewellery
 b - a +4 ring of intelligence (right hand)
 d - a +5 ring of evasion (left hand)
 j - an uncursed ring of wizardry {unknown}
Scrolls
 e - a scroll of magic mapping
 g - 2 scrolls of fog
 i - a scroll of enchant weapon
 k - 2 scrolls of enchant armour
 l - 2 scrolls of immolation {unknown}
 m - a scroll of remove curse {unknown}
 n - 2 scrolls of teleportation {unknown}
 o - a scroll of recharging
 q - a scroll of amnesia {unknown}


   Skills:
 + Level 4.2 Fighting
 + Level 4.2 Long Blades
 + Level 1.7 Armour
 + Level 3.0 Dodging
 + Level 1.7 Stealth


You had 5 spell levels left.
You didn't know any spells.

Dungeon Overview and Level Annotations

Branches:
Dungeon (4/15)
 Temple: D:4-7

Altars:
Sif Muna
Beogh


Innate Abilities, Weirdness & Mutations

You do not eat or drink.
Your flesh is vulnerable to fire.
You are immune to poison.
Your flesh is cold resistant. (rC+)
You are immune to negative energy. (rN+++)
You are immune to unholy pain and torment.
You can survive without breathing.


Message History

You have reached level 6!
Your experience leads to an increase in your attributes!
Your base attributes are Str 15, Int 9, Dex 15.
Increase (S)trength, (I)ntelligence, or (D)exterity?
You feel agile. The orc hits you with a club.
* * * LOW HITPOINT WARNING * * *
Your chain mail prevents you from hitting the orc.
The orc hits you but does no damage.
Your chain mail prevents you from hitting the orc.
You hit the orc.
The orc is lightly wounded.
The orc hits you but does no damage.
You closely miss the orc.
The orc is lightly wounded.
The orc priest calls down the wrath of Beogh upon you.
Beogh smites you!
* * * LOW HITPOINT WARNING * * *
The orc hits you with a club.
You die...

#..... ..# ###
###...####.# #..
... ...# #.# #..#
#.# #..# #.#
#########..##
#.####
............#
#....# ###
#########...#
#.####..$##
#...####@###.8.8$#
#.......o#.'..$._#
##......[o.#.8$8.#
#.....##### $.$##
####### ###


You could see an orc priest and an orc.

Vanquished Creatures
  A howler monkey (D:3)
  2 orc priests
  Terence (D:2)
  A worker ant (D:4)
  5 adders
  3 gnolls
  2 worms (D:3)
  A dart slug (D:2)
  4 leopard geckos
  5 orcs (D:3)
  6 bats
  2 giant cockroaches
  4 goblins
  5 hobgoblins
  3 jackals (D:3)
  A quokka (D:4)
  6 frilled lizards
  4 kobolds
  4 rats
60 creatures vanquished.

Notes
Turn   | Place    | Note
-------+----------+-------------------------------------------
     0 | D:1      | Elystan the Mummy Monk began the quest for the Orb.
     0 | D:1      | Reached XP level 1. HP: 18/18 MP: 1/1
   232 | D:1      | Reached XP level 2. HP: 24/24 MP: 2/2
   744 | D:2      | Noticed Terence
   761 | D:2      | Killed Terence
   761 | D:2      | Reached XP level 3. HP: 20/29 MP: 3/3
  1247 | D:3      | Reached XP level 4. HP: 36/37 MP: 4/4
  1386 | D:3      | Found a deep blue altar of Sif Muna.
  1481 | D:4      | Noticed an ogre
  1745 | D:3      | Reached skill level 1 in Armour
  1745 | D:3      | Reached XP level 5. HP: 35/42 MP: 5/5
  2666 | D:4      | Found a roughly hewn altar of Beogh.
  2684 | D:4      | Reached XP level 6. HP: 13/48 MP: 6/6
  2689 | D:4      | Slain by an orc

Skill      XL: |  1  2  3  4  5 |
---------------+----------------+-----
Long Blades    | 3 4 |  4.2
Fighting       | 4 |  4.2
Armour         | 1 |  1.7
Dodging        | 3 |  3.0
Stealth        | |  1.7

Action                   |  1- 3 |  4- 6 || total
-------------------------+-------+-------++-------
Melee: Falchion          |    91 |   169 ||   260
  Use: Scroll            |       |     5 ||     5
Armor: Chain mail        |    42 |    72 ||   114
       Robe              |     1 |       ||     1
Dodge: Dodged            |    80 |   113 ||   193
       Rpst.: Falchion   |    26 |    42 ||    68
